 Dungeon Crawl Stone Soup version 0.20.1-1-g8b1a95d (webtiles) character file.

886 Internecine the Skirmisher (level 8, -1/70 HPs)
             Began as a Hill Orc Chaos Knight on Sept 25, 2017.
             Slain by a scorpion (8 damage)
             ... on level 5 of the Dungeon.
             The game lasted 00:57:29 (4620 turns).

Internecine the Skirmisher (Hill Orc Chaos Knight)  Turns: 4620, Time: 00:57:30

Health: -1/70      AC:  7    Str: 17    XL:     8   Next: 5%
Magic:  7/7        EV: 11    Int: 14    God:    Xom [....*.]
Gold:   177        SH:  3    Dex: 10    Spells: 7/7 levels left

rFire    . . .     SeeInvis .   a - +0 mace (chaos)
rCold    . . .     Gourm    .   v - +0 buckler
rNeg     . . .     Faith    .   b - +3 leather armour
rPois    .         Spirit   .   (no helmet)
rElec    .         Reflect  .   (no cloak)
rCorr    .         Harm     .   z - +0 pair of gloves
MR       .....     Rnd*Tele +   (no boots)
Stlth    ++........             (no amulet)
Regen    0.3/turn               J - ring of stealth
MPRegen  0.1/turn               (no ring)

@: no status effects
A: blurry vision 1, clever 1, low mp 1, teleportitis 1
a: Renounce Religion, Convert to Beogh


You were on level 5 of the Dungeon.
You worshipped Xom.
You were a beloved toy of Xom.
You were not hungry.

You visited 1 branch of the dungeon, and saw 5 of its levels.

You collected 249 gold pieces.
You spent 72 gold pieces at shops.

Inventory:

Hand Weapons
 a - a +0 mace of chaos (weapon)
 d - a +0 spear
 n - a +2 dagger of venom
 q - a +0 halberd
 s - a +0 spear
 u - a +0 hunting sling
 N - a +0 hunting sling
Missiles
 g - 68 stones (quivered)
 h - 14 bolts
 o - 40 sling bullets
Armour
 b - a +3 leather armour (worn)
 v - a +0 buckler (worn)
 z - a +0 pair of gloves (worn)
Jewellery
 J - a ring of stealth (left hand)
 L - an uncursed ring of flight {unknown}
Scrolls
 e - 2 scrolls of magic mapping
 m - a scroll of noise {unknown}
 p - a scroll of fog {unknown}
 t - 3 scrolls of identify
 x - a scroll of amnesia {unknown}
 C - a scroll of enchant weapon {unknown}
 K - a scroll of immolation {unknown}
 Q - a scroll of random uselessness {unknown}
 R - 4 scrolls of blinking {unknown}
Potions
 l - a potion of brilliance
 P - a potion of invisibility {unknown}
 W - a potion of agility {unknown}
Miscellaneous
 r - a lamp of fire
Comestibles
 c - 6 bread rations
 j - 2 royal jellies
 k - 4 fruits
 A - a meat ration


   Skills:
 + Level 5.9 Fighting
 + Level 5.9 Maces & Flails
 + Level 3.4(3.7) Slings
 + Level 1.7(2.8) Throwing
 + Level 3.5 Armour
 + Level 2.2 Dodging
 + Level 1.5 Stealth


You had 7 spell levels left.
You didn't know any spells.

Dungeon Overview and Level Annotations

Branches:
Dungeon (5/15)
 Temple: D:4-7

Altars:
Elyvilon
Xom

Shops:
D:4 !


Innate Abilities, Weirdness & Mutations

Scrolls take you a little longer to read.
Your mind is acute. (Int +2)
Your magical capacity is low. (-10% MP)
You are occasionally teleported next to monsters.


Message History

* * * LOW HITPOINT WARNING * * *
The orc priest hits you with a mace.
* * * LOW HITPOINT WARNING * * *
Unknown command.
Really read with blurry vision while enemies are nearby?
Uppercase [Y]es or [N]o only, please.
Really read with blurry vision while enemies are nearby?
You begin reading the scroll.
You continue reading the scroll.
The scorpion stings you.
* * * LOW HITPOINT WARNING * * *
The orc misses you.
The orc priest looks encouraged for a moment.
The scorpion barely misses you.
The orc priest threatens, "By the altar or by the axe, you will meet Beogh!"
As you read the scroll labeled VOTESIT COANN, it crumbles to dust.
It is a scroll of enchant armour.
Your +2 leather armour glows green for a moment.
Really read with blurry vision while enemies are nearby?
The scorpion stings you!
You die...

##_..##.....
...(## (....#
...## ......
..## ....# ..
#..###### . ..
#.......####..
).
#...........=.
..
#....oo.......
..
#....@s)(.....
#...#####.(....
#>.. ###(.(
#... ... #...
.. ...# ....
##...


You could see a scorpion (berserk), an orc priest and an orc.

Vanquished Creatures
  An ice beast (D:5)
  A phantom (D:5)
  2 ogres
  A howler monkey (D:4)
  A bullfrog zombie (D:5)
  The ghost of alisofug the Sneak, a weakling VSAs (D:4)
  A jelly (D:5)
  A centaur skeleton (D:4)
  An orc wizard (D:5)
  An iguana (D:4)
  A worker ant (D:4)
  The ghost of zkobry the Ducker, a weakling DEMo (D:3)
  A howler monkey skeleton (D:4)
  3 adders
  10 gnolls
  A shadow imp (D:5)
  An adder skeleton (D:5)
  A worm (shapeshifter) (D:5)
  A worm (D:4)
  A dart slug (D:1)
  4 leopard geckos
  6 orcs (D:3)
  A ball python (D:3)
  2 giant cockroaches
  5 goblins
  6 hobgoblins
  3 jackals (D:2)
  11 kobolds
  A quokka (D:5)
  6 bats
  5 frilled lizards
  A kobold (shapeshifter) (D:3)
  12 rats
95 creatures vanquished.

Vanquished Creatures (collateral kills)
  A centaur (D:5)
  3 gnolls (D:5)
4 creatures vanquished.

Grand Total: 99 creatures vanquished

Notes
Turn   | Place    | Note
-------+----------+-------------------------------------------
     0 | D:1      | Internecine the Hill Orc Chaos Knight began the quest for the Orb.
     0 | D:1      | Reached XP level 1. HP: 19/19 MP: 1/1
    22 | D:1      | XOM: potion effect (might)
   140 | D:1      | Reached XP level 2. HP: 27/27 MP: 2/2
   614 | D:1      | Reached XP level 3. HP: 26/33 MP: 3/3
   798 | D:1      | Reached skill level 1 in Dodging
  1062 | D:1      | XOM: harmless Air miscast
  1242 | D:2      | Found a white marble altar of Elyvilon.
  1493 | D:2      | XOM: cloud trail
  1655 | D:2      | XOM: cloud trail
  1665 | D:2      | XOM: harmless Chrm miscast
  1779 | D:2      | Reached XP level 4. HP: 40/40 MP: 4/4
  2148 | D:3      | Noticed zkobry's ghost (weakling DEMo)
  2153 | D:3      | Killed zkobry's ghost
  2689 | D:3      | XOM: harmless Pois miscast
  2791 | D:3      | Gained mutation: You are occasionally teleported next to monsters. [mutagenic meat]
  2792 | D:3      | Gained mutation: Your magical capacity is low. (-10% MP) [mutagenic meat]
  3172 | D:4      | Reached XP level 5. HP: 22/47 MP: 4/4
  3173 | D:4      | Noticed alisofug's ghost (weakling VSAs)
  3179 | D:4      | Killed alisofug's ghost
  3185 | D:4      | XOM: confuse monster(s)
  3341 | D:4      | XOM: severe Necr miscast
  3355 | D:4      | Found Gitumyhi's Distillery.
  3369 | D:4      | Reached skill level 5 in Maces & Flails
  3369 | D:4      | Reached skill level 1 in Throwing
  3392 | D:4      | Reached skill level 1 in Slings
  3394 | D:4      | Reached XP level 6. HP: 26/55 MP: 5/5
  3399 | D:4      | XOM: confuse monster(s)
  3432 | D:4      | Bought a potion of lignification for 36 gold pieces
  3432 | D:4      | Bought a potion of curing for 36 gold pieces
  3497 | D:4      | XOM: polymorph gnoll shaman -> iguana
  3519 | D:4      | Reached skill level 1 in Stealth
  3520 | D:4      | Reached skill level 5 in Fighting
  4013 | D:4      | XOM: cloud trail
  4040 | D:4      | Reached XP level 7. HP: 61/61 MP: 6/6
  4140 | D:5      | Entered Level 5 of the Dungeon
  4165 | D:5      | XOM: scenery: create altars
  4184 | D:5      | XOM: snakes to sticks
  4189 | D:5      | XOM: cleaving
  4194 | D:5      | XOM: enchant monster (good)
  4195 | D:5      | XOM: enchant monster (good)
  4231 | D:5      | Gained mutation: Scrolls take you a little longer to read. [mutagenic meat]
  4232 | D:5      | Gained mutation: Your mind is acute. (Int +2) [mutagenic meat]
  4415 | D:5      | Killed an ogre
  4436 | D:5      | XOM: cloud trail
  4486 | D:5      | XOM: god gift: lamp of fire
  4588 | D:5      | Reached XP level 8. HP: 64/70 MP: 7/7
  4620 | D:5      | Slain by a scorpion

Skill      XL: |  1  2  3  4  5  6  7 |
---------------+----------------------+-----
Fighting       | 4 5 |  5.9
Dodging        | 1 2 |  2.2
Maces & Flails | 4 5 |  5.9
Throwing       | 1 |  1.7
Slings         | 1 2 3 |  3.4
Armour         | 3 |  3.5
Stealth        | 1 |  1.5

Action                   |  1- 3 |  4- 6 |  7- 9 || total
-------------------------+-------+-------+-------++-------
Melee: Mace              |   145 |   115 |    49 ||   309
 Fire: Hunting sling     |       |    46 |    19 ||    65
Throw: Stone             |     9 |    46 |    24 ||    79
  Use: Scroll            |       |     5 |     2 ||     7
       Potion            |       |     4 |     3 ||     7
 Stab: Paralysed         |       |     1 |     2 ||     3
       Confused          |       |     1 |       ||     1
       Sleeping          |       |     1 |       ||     1
  Eat: Chunk             |     3 |     9 |     2 ||    14
       Meat ration       |       |       |     1 ||     1
Armor: Leather armour    |    53 |    35 |    11 ||    99
       Chain mail        |       |     9 |       ||     9
       Skin              |       |    20 |       ||    20
Dodge: Dodged            |   100 |    62 |    39 ||   201
Block: Buckler           |       |       |     1 ||     1
